 Dungeon Crawl Stone Soup version 0.21.1-1-g345015f (webtiles) character file.

11 tidbits the Insei (level 2, 0/23 HPs)
             Began as a Gnoll Transmuter on Feb 14, 2018.
             Hit by a goblin thrown by Robin (1 damage)
             ... on level 2 of the Dungeon.
             The game lasted 00:02:20 (236 turns).

tidbits the Insei (Gnoll Transmuter)                 Turns: 236, Time: 00:02:21

Health: 0/23       AC:  2    Str: 12    XL:     2   Next: 29%
Magic:  6/7        EV: 14    Int: 20    God:
Gold:   16         SH:  0    Dex: 15    Spells: 9/10 levels left

rFire    . . .     SeeInvis .     - Unarmed
rCold    . . .     Gourm    .   (no shield)
rNeg     . . .     Faith    .   b - +0 robe
rPois    .         Spirit   .   (no helmet)
rElec    .         Reflect  .   (no cloak)
rCorr    .         Harm     .   (no gloves)
MR       .....                  (boots currently unavailable)
Stlth    ++........             (no amulet)
HPRegen  0.07/turn              (no ring)
MPRegen  0.10/turn              (no ring)

@: brilliant, appendage (expiring), flying
A: distributed training, fangs 1, talons 3, strong nose
a: End Transformation


You were on level 2 of the Dungeon.
You were full.
You had grown temporary talons.
You visited 1 branch of the dungeon, and saw 2 of its levels.

You collected 16 gold pieces.

Inventory:

Hand Weapons
 f - a +2 dagger of freezing
   (You took it off a kobold on level 1 of the Dungeon)
 i - a +0 dagger of draining
   (You took it off a goblin on level 2 of the Dungeon)
Missiles
 a - 31 arrows
Armour
 b - a +0 robe (worn)
Scrolls
 h - a scroll of identify {unknown}
 j - a scroll of magic mapping {unknown}
 k - a scroll of remove curse {unknown}
Potions
 e - a potion of brilliance
Books
 c - a book of Changes

   Spells                             Type                      Level
   a - Beastly Appendage              Transmutation                1
   b - Sticks to Snakes               Transmutation                2
   c - Spider Form                    Transmutation/Poison         3
   d - Ice Form                       Ice/Transmutation            4
   e - Blade Hands                    Transmutation                5
Comestibles
 d - a ration


   Skills:
 + Level 2.4 Fighting
 + Level 0.3 Short Blades
 + Level 0.3 Long Blades
 + Level 0.3 Axes
 + Level 0.3 Maces & Flails
 + Level 0.3 Polearms
 + Level 0.3 Staves
 + Level 0.3 Slings
 + Level 0.3 Bows
 + Level 0.3 Crossbows
 + Level 0.3 Throwing
 + Level 0.3 Armour
 + Level 4.4 Dodging
 + Level 0.3 Stealth
 + Level 0.3 Shields
 + Level 6.4 Unarmed Combat
 + Level 4.9 Spellcasting
 + Level 0.2 Conjurations
 + Level 0.2 Hexes
 + Level 0.2 Charms
 + Level 0.2 Summonings
 + Level 0.2 Necromancy
 + Level 0.2 Translocations
 + Level 3.7 Transmutations
 + Level 0.2 Fire Magic
 + Level 0.2 Ice Magic
 + Level 0.2 Air Magic
 + Level 0.2 Earth Magic
 + Level 0.2 Poison Magic
 + Level 0.4 Invocations
 + Level 0.3 Evocations


You had 9 spell levels left.
You knew the following spells:

 Your Spells              Type           Power        Failure   Level  Hunger
e - Beastly Appendage     Tmut           ####..       1%          1    None


Dungeon Overview and Level Annotations

Branches:
Dungeon (2/15)

Altars:

Annotations:
D:2 Robin


Innate Abilities, Weirdness & Mutations

Your experience applies equally to all skills.
You have very sharp teeth.
Your uncanny sense of smell can sniff out nearby items.
You have claws for feet.


Message History

You see here a leather armour.
You hit the rat.
You kill the rat!
You see here a rat corpse.
A goblin comes into view. It is wielding a dagger of draining.
Your transformation is almost over.
The goblin shouts!
Casting: Beastly Appendage
Confirm with . or Enter, or press ? or * to list all spells.
You extend your transformation's duration.
You punch the goblin!
You kill the goblin!
Things that are here:
a dagger of draining; a goblin corpse
i - a dagger of draining
Found a scroll labeled ZOXAC MUSUE.
Found a scroll labeled NOIPILUANA.
You see here a scroll labeled ZOXAC MUSUE.
j - a scroll labeled ZOXAC MUSUE You see here a scroll labeled NOIPILUANA.
k - a scroll labeled NOIPILUANA Your transformation is almost over.
Found 4 gold pieces.
Your talons disappear.
You see here 4 gold pieces.
You now have 16 gold pieces (gained 4).
Found a glowing scarf and 13 gold pieces.
A goblin and 2 hobgoblins come into view. 2 goblins come into view.
The goblin shouts!
You hear a shout!
The hobgoblin moves out of view.
The hobgoblin shouts! 3 goblins and Robin come into view.
You hear a shout!
The hobgoblin moves out of view.
You hear a shout!
A goblin comes into view. It is wielding a club.
Unknown command.
Okay, then.
Found a murky sapphire potion.
Found a stone staircase leading down.
There is a stone staircase leading down here.
A goblin and a hobgoblin come into view.
Robin shouts!
The goblin shouts!
The hobgoblin shouts!
The goblin moves out of view.
The hobgoblin shouts!
Robin throws the goblin at you! The goblin closely misses you.
A goblin comes into view.
You see here a murky sapphire potion.
e - 2 murky sapphire potions (gained 1) Robin throws the goblin at you!
The goblin misses you. The goblin hits you.
Casting: Beastly Appendage
Confirm with . or Enter, or press ? or * to list all spells.
Your feet morph into talons.
The goblin misses you. The goblin hits you.
A rat comes into view.
You punch the goblin!
You kill the goblin!
You have reached level 2!
The goblin closely misses you. Robin throws the goblin at you!
The goblin hits you with a club. The goblin barely misses you.
You see here a goblin corpse.
Unknown command.
It was a potion of brilliance.
You feel clever all of a sudden. The goblin barely misses you.
The goblin closely misses you.
A giant cockroach comes into view.
It was a potion of flight.
You feel very buoyant.
You fly up into the air.
The goblin closely misses you. The goblin completely misses you.
You barely miss the goblin. The goblin barely misses you. x2
You punch the goblin!
You kill the goblin!
The goblin closely misses you.
You hit the goblin.
The goblin is heavily wounded.
Robin roars a battlecry!
The goblins go into a battle-frenzy!
The goblin completely misses you.
You closely miss the goblin.
The goblin is heavily wounded.
The goblin closely misses you. The goblin hits you.
* * * LOW HITPOINT WARNING * * *
You hit the goblin.
You kill the goblin!
Your transformation is almost over.
The goblin misses you.
You closely miss the goblin. The goblin closely misses you.
You hit the goblin. You claw the goblin, but do no damage.
The goblin is moderately wounded.
The goblin hits you.
* * * LOW HITPOINT WARNING * * *
The goblin hits you.
* * * LOW HITPOINT WARNING * * *
You hit the goblin.
You kill the goblin!
The goblin hits you.
* * * LOW HITPOINT WARNING * * *
Robin throws the goblin at you!
You die...

#.# #..#.# ##
#####.####..#.#
##.##...........#..
#.#.........###.##.
#.##.....#.# #....
#.##..####.# ####.
#.##..# #.# #g##..#
#.# #@##g.# #..
#g##[.# ###
#.....ggg..g.#
......sg.g#.#.#
#.##.........g..
###...........
##.#.....##g#
#........ ..
#.......#


You could see Robin, a giant cockroach, 2 hobgoblins and 4 goblins.

Vanquished Creatures
  2 bats (D:1)
  A frilled lizard (D:1)
  6 goblins
  A kobold (D:1)
  A rat (D:2)
11 creatures vanquished.

Notes
Turn   | Place    | Note
-------+----------+-------------------------------------------
     0 | D:1      | tidbits the Gnoll Transmuter began the quest for the Orb.
     0 | D:1      | Reached XP level 1. HP: 17/17 MP: 6/6
   211 | D:2      | Noticed Robin
   225 | D:2      | Reached XP level 2. HP: 16/23 MP: 5/7
   236 | D:2      | HP: 1/23 [goblin[Robin] (3)]
   236 | D:2      | Hit by a goblin thrown by Robin

Action                   || total
-------------------------++-------
Melee: Unarmed           ||    23
       Kick              ||     2
 Cast: Beastly Appendage ||     7
  Use: Potion            ||     2
  Eat: Ration            ||     1
Armor: Robe              ||     6
Dodge: Dodged            ||    25

Table legend:
 A = Turns spent in this place as a percentage of turns spent in the entire game.
 B = Non-inter-level travel turns spent in this place as a percentage of non-inter-level travel turns spent in the entire game.
 C = Inter-level travel turns spent in this place as a percentage of turns spent in this place.
 D = Turns resting spent in this place as a percentage of non-inter-level travel turns spent in this place.
 E = Turns spent auto-exploring this place as a percentage of non-inter-level travel turns spent in this place.
 F = Non-inter-level travel turns spent in this place divided by the number of levels of this place that you've seen.
                   A       B       C       D       E      F
               +-------+-------+-------+-------+-------+----------------------
         Total | 100.0 | 100.0 |   0.0 |   0.0 |   0.0 | 118.0
       Dungeon | 100.0 | 100.0 |   0.0 |   0.0 |   0.0 | 118.0
               +-------+-------+-------+-------+-------+----------------------

Table legend:
 A = Kills in this place as a percentage of kills in entire the game.
 B = Kills by you in this place as a percentage of kills by you in the entire game.
 C = Kills by friends in this place as a percentage of kills by friends in the entire game.
 D = Other kills in this place as a percentage of other kills in the entire game.
 E = Experience gained in this place as a percentage of experience gained in the entire game.
 F = Experience gained in this place divided by the number of levels of this place that you have seen.
                   A       B       C       D       E      F
               +-------+-------+-------+-------+-------+----------------------
         Total | 100.0 | 100.0 |   N/A |   N/A | 100.0 |   8.5
       Dungeon | 100.0 | 100.0 |   N/A |   N/A | 100.0 |   8.5
               +-------+-------+-------+-------+-------+----------------------

Vault maps used:
D:1:      ldierk_walled_garden_2
D:2:      uniq_robin, uniq_crazy_yiuf_cottage
